 Dungeon Crawl Stone Soup version 0.23.0 (webtiles) character file.

Game seed: 11645344403874940536

371 oik the Poker (level 6, -1/42 HPs)
             Began as an Octopode Fighter on Feb 11, 2019.
             Slain by Grinder (3 damage)
             ... while paralysed by Grinder
             ... on level 4 of the Dungeon.
             The game lasted 00:08:10 (4224 turns).

oik the Poker (Octopode Fighter)                    Turns: 4224, Time: 00:08:10

Health: -1/42      AC:  1    Str: 15    XL:     6   Next: 70%
Magic:  6/6        EV:  2    Int: 10    God:
Gold:   147        SH:  0    Dex: 14    Spells: 5/5 levels left

rFire    . . .     SeeInvis .   a - +0 trident
rCold    . . .     Gourm    .   b - +0 shield
rNeg     . . .     Faith    .   (helmet restricted)
rPois    .         Spirit   .   (no amulet)
rElec    .         Reflect  .   (no ring)
rCorr    .         Harm     .   (no ring)
MR       .....                  (no ring)
Stlth    +++.......             (no ring)
HPRegen  0.14/turn              (no ring)
MPRegen  0.10/turn              (no ring)
                                (no ring)
                                (no ring)

@: paralysed
A: almost no armour, stealthy swim, amphibious, 8 rings, constrict 8, camouflage
1, gelatinous body 1
a: no special abilities


You were on level 4 of the Dungeon.
You were not hungry.

You visited 1 branch of the dungeon, and saw 4 of its levels.
You also visited: Sewer.

You collected 147 gold pieces.

Inventory:

Hand Weapons
 a - a +0 trident (weapon)
 m - a cursed -2 hunting sling
Armour
 b - a +0 shield (worn)
Jewellery
 p - a +2 ring of intelligence {unknown}
Scrolls
 i - 2 scrolls of magic mapping
 j - 2 scrolls of amnesia {unknown}
 k - 4 scrolls of remove curse {unknown}
 l - 4 scrolls of identify {unknown}
 n - a scroll of enchant armour {unknown}
 q - 2 scrolls of enchant weapon {unknown}
 r - 3 scrolls of teleportation {unknown}
Potions
 c - 2 potions of might
 e - 3 potions of haste
 f - 2 potions of curing {unknown}
 g - 2 potions of invisibility {unknown}
 h - 6 potions of heal wounds {unknown}
 o - 7 potions of brilliance {unknown}
 s - a potion of flight {unknown}
 u - 3 potions of agility {unknown}
 v - a potion of cancellation {unknown}
Comestibles
 d - 4 rations
 t - a chunk of flesh


   Skills:
 - Level 3.4 Fighting
 + Level 5.6 Polearms
 - Level 3.3 Dodging
 - Level 3.4 Stealth
 - Level 3.4 Shields


You had 5 spell levels left.
You didn't know any spells.
Your spell library was empty.

Dungeon Overview and Level Annotations

Branches:
Dungeon (4/15)
 Temple: D:4-7

Altars:
Fedhas
Gozag
Qazlal

Annotations:
D:4 Grinder


Innate Abilities, Weirdness & Mutations

You cannot wear most types of armour.
You are very stealthy in the water. (Stealth+)
You are amphibious.
You can wear up to eight rings at the same time.
You can use your tentacles to constrict eight enemies at once.
Your skin changes colour to match your surroundings (Stealth+).
Your rubbery body absorbs attacks. (AC +1, EV +1)


Message History

Grinder struggles to blink free from constriction.
You hit Grinder.
Grinder is almost dead.
You constrict Grinder.
Grinder grins, showing sharp teeth.
You block Grinder's attack.
You hit Grinder.
Grinder is almost dead.
You constrict Grinder, but do no damage.
Grinder gestures at you.
You suddenly lose the ability to move!
You lose your grip on Grinder.
Grinder says, "DUCK!"
Grinder blinks!
Grinder hits you.
You writhe in agony.
Grinder hits you!
* * * LOW HITPOINT WARNING * * *
You writhe in agony.
* * * LOW HITPOINT WARNING * * *
Grinder hits you.
You die...

#.# #.# #.#
# #.#
#.########.#
#..@5...##.#
#######.##.#
##.##.#
#####...#.#
..[.......#
#####...###
#####.##
#.....#
#.#####


You could see Grinder.

Vanquished Creatures
  A big kobold (Sewer)
  An orc priest (D:3)
  Terence (D:2)
  5 adders
  5 river rats (Sewer)
  3 worms
  5 dart slugs
  2 leopard geckos (D:3)
  8 orcs (D:3)
  8 ball pythons
  5 bats
  4 giant cockroaches
  13 goblins
  12 hobgoblins
  4 jackals (D:2)
  20 kobolds
  A quokka (D:3)
  4 frilled lizards
  30 rats
132 creatures vanquished.

Notes
Turn   | Place    | Note
-------+----------+-------------------------------------------
     0 | D:1      | oik the Octopode Fighter began the quest for the Orb.
     0 | D:1      | Reached XP level 1. HP: 16/16 MP: 1/1
   103 | D:1      | Reached XP level 2. HP: 21/21 MP: 2/2
   265 | D:1      | Reached skill level 1 in Stealth
   435 | D:1      | Reached XP level 3. HP: 26/26 MP: 3/3
  1099 | D:2      | Found a stormy altar of Qazlal.
  1229 | D:2      | Found a blossoming altar of Fedhas.
  1266 | D:2      | Reached XP level 4. HP: 31/31 MP: 4/4
  1421 | D:2      | Noticed Terence
  1432 | D:2      | Killed Terence
  1695 | D:2      | Reached skill level 3 in Polearms
  1992 | D:3      | Reached XP level 5. HP: 36/36 MP: 5/5
  2080 | D:3      | Noticed a phantom
  2261 | D:3      | Found a glowing drain.
  2279 | Sewer    | Entered a sewer
  2780 | Sewer    | Noticed a big kobold
  2784 | Sewer    | Killed a big kobold
  2784 | Sewer    | Reached skill level 4 in Polearms
  2784 | Sewer    | Reached XP level 6. HP: 28/42 MP: 6/6
  3210 | Sewer    | Reached skill level 5 in Polearms
  4035 | D:3      | Found an opulent altar of Gozag.
  4205 | D:4      | Noticed Grinder
  4220 | D:4      | Paralysed by Grinder for 7 turns
  4223 | D:4      | HP: 2/42 [Grinder (3)]
  4224 | D:4      | Slain by Grinder

Skill      XL: |  1  2  3  4  5  6 |
---------------+-------------------+-----
Stealth        | 1 2 3 |  3.4
Polearms       | 3 4 5 |  5.6
Fighting       | |  3.4
Dodging        | |  3.3
Shields        | |  3.4

Action                   |  1- 3 |  4- 6 || total
-------------------------+-------+-------++-------
Melee: Trident           |    89 |   202 ||   291
       Constrict         |    18 |    45 ||    63
       Tentacles         |    12 |    25 ||    37
  Use: Scroll            |       |     1 ||     1
 Stab: Sleeping          |    13 |    33 ||    46
       Distracted        |     1 |     1 ||     2
  Eat: Chunk             |     1 |    10 ||    11
Armor: Skin              |     7 |     9 ||    16
Dodge: Dodged            |    12 |    59 ||    71
Block: Shield            |    27 |    67 ||    94
